[Event "Early-Titled-Tuesday-Blitz-October-17-2023"]
[Site "Chess.com"]
[Date "2023.10.17"]
[Round "11"]
[White "Bilan_Danila"]
[Black "AndresDelgado77"]
[Result "0-1"]
[WhiteElo "2542"]
[BlackElo "2353"]
[TimeControl "180+1"]
[EndTime "10:09:55 PDT"]
[Termination "AndresDelgado77 won by resignation"]

1. d4 Nf6 2. Nf3 c5 3. e3 b6 4. Bd3 Bb7 5. Nbd2 g6 6. O-O Bg7 7. c4 cxd4 8. exd4 O-O 9. d5 b5 10. d6 bxc4 11. Nxc4 e6 12. Bd2 Nc6 13. Rc1 Ne8 14.
b4 Ba6 15. a4 Bxc4 16. Bxc4 Nxd6 17. Bg5 Qb8 18. b5 Nxc4 19. bxc6 d5 20. Nd2 Qe5 21.
Be7 Rfe8 22. Nxc4 dxc4 23. Bd6 Qd5 24. c7 Rac8 25. g3 Bf8 26. Bf4 Qxd1 27. Rfxd1 e5 28. Be3 Rxc7 29. Rd5 Rec8 30. Kg2 c3 31. Rxe5 c2 32.
Rd5 Ba3 33. Ra5 Bxc1 34. Bxc1 Rd7 35. Be3 c1=Q 36. Bxc1 Rxc1 0-1

[Event "Early-Titled-Tuesday-Blitz-October-17-2023"]
[Site "Chess.com"]
[Date "2023.10.17"]
[Round "11"]
[White "cycygogne"]
[Black "Manukyan_Artak"]
[Result "0-1"]
[WhiteElo "2274"]
[BlackElo "2463"]
[TimeControl "180+1"]
[EndTime "10:09:55 PDT"]
[Termination "Manukyan_Artak won by resignation"]

1. e4 c6 2. d4 d5 3. Nc3 dxe4 4. Nxe4 Nf6 5. Ng3 h5 6. h4 Bg4 7.
Be2 e6 8. Bg5 Bd6 9. Qd2 Bxg3 10.
fxg3 Qd5 11. Bxf6 gxf6 12. Bf3 Bxf3 13. Nxf3 Nd7 14. O-O O-O-O 15. Kh2 f5 16. b3 Nf6 17. c4 Qd6 18. Qf4 Qxf4 19. gxf4 Rhg8 20. g3 Ne4 21.
Ng5 Nxg5 22. hxg5 Rxd4 23. Rad1 Rgd8 24. Rxd4 Rxd4 25. Rf2 Kd7 26. Kh3 Rd1 27. Rh2 Ke7 28. Kh4 Rd8 29. Re2 c5 30. Kh3 Kf8 31. Kh4 Kg7 32. Rf2 Kg6 33. Re2 Rd1 34. Kh3 a6 35. Kg2 b6 36. Kh2 h4 37. gxh4 Kh5 38. Kg3 Rd3+ 39.
Kg2 Kxh4 40. g6 Rg3+ 41. Kf1 Rxg6 42. Rd2 Kg4 43. Rd6 Kxf4 44. Rxb6 e5 45. Rb7 Rf6 46.
a3 e4 47. b4 cxb4 48. axb4 Ke3 49. b5 axb5 50. cxb5 f4 51. Re7 f3 52. b6 Rxb6 0-1

[Event "Early-Titled-Tuesday-Blitz-October-17-2023"]
[Site "Chess.com"]
[Date "2023.10.17"]
[Round "11"]
[White "MikaelyanArman"]
[Black "scarabee43"]
[Result "1-0"]
[WhiteElo "2875"]
[BlackElo "2798"]
[TimeControl "180+1"]
[EndTime "10:09:56 PDT"]
[Termination "MikaelyanArman won by resignation"]

1. d4 Nf6 2. c4 e6 3. Nf3 d5 4. Nc3 Be7 5. Bg5 h6 6. Bh4 O-O 7. e3 b6 8. Bd3 Bb7 9. O-O Nbd7 10. Qe2 c5 11. Bg3 Ne4 12. cxd5 exd5 13. Rad1 Nxg3 14.
hxg3 Bf6 15. dxc5 Nxc5 16. Bb1 Bxc3 17. bxc3 Qf6 18. Rd4 Rac8 19. Qc2 Ne4 20. c4 b5 21.
Qb2 dxc4 22. Qxb5 Ba6 23. Qa5 c3 24. Rc1 Ng5 25. Nxg5 hxg5 26. Rxc3 Rxc3 27. Qxc3 Rc8 28. Qd2 g6 29. g4 Bb5 30. Be4 Bc6 31. Bxc6 Rxc6 32.
a4 Kg7 33. Kh2 Rc8 34. Kg1 Rb8 35. Qd1 Qe5 36. g3 Rb2 37. Kg2 Qf6 38. Qf3 Qxf3+ 39. Kxf3 Ra2 40. Rb4 a5 41. Rc4 Kf6 42. Rc6+ Ke7 43.
Rc5 Rxa4 44. Rxg5 Ra1 45. Rb5 a4 46. g5 a3 47. Ra5 Kd6 48. Ke4 Kc6 49. Ke5 Kb6 50.
Ra8 Kb5 51. f4 Kb4 52. Kf6 Re1 53. Kxf7 Rxe3 54. Kxg6 Rxg3 55. f5 Rf3 56. f6 Kb3 57. Kg7 a2 58. f7 Kb2 59. f8=Q Rxf8 60. Kxf8 a1=Q 61. Rxa1 Kxa1 62. g6 1-0

[Event "Early-Titled-Tuesday-Blitz-October-17-2023"]
[Site "Chess.com"]
[Date "2023.10.17"]
[Round "11"]
[White "Nekoo04"]
[Black "tarno17"]
[Result "1-0"]
[WhiteElo "2239"]
[BlackElo "2110"]
[TimeControl "180+1"]
[EndTime "10:09:57 PDT"]
[Termination "Nekoo04 won on time"]

1. d4 d5 2. c4 e6 3. Nf3 Nf6 4. g3 Be7 5. Bg2 O-O 6. O-O b6 7. cxd5 exd5 8. Nc3 Bb7 9. Ne5 Nbd7 10. Qa4 a6 11.
Nxd7 Nxd7 12. Nxd5 b5 13. Qc2 Bd6 14. Ne7+ Qxe7 15.
Bxb7 Ra7 16. Bg2 c5 17. Be3 c4 18. a4 Rc7 19. axb5 axb5 20. Ra6 Bb4 21. Bf4 Rcc8 22.
Ra7 c3 23. Bh3 cxb2 24. Qxb2 Bc3 25. Qxb5 Qe4 26. Qxd7 Qxe2 27. Qxc8 Rxc8 28. Bxc8 g6 29. Be5 f6 30. Be6+ Kf8 31. Bd6+ Ke8 32. Re7+ Kd8 33. Rd7+ Kc8 34. Rc7+ Kd8 35. Bc4 Qe4 36. Rxh7 Bxd4 37. Be7+ Ke8 38. Ba3 Kd8 39. Be7+ Ke8 40. Bb5+ 1-0

[Event "Early-Titled-Tuesday-Blitz-October-17-2023"]
[Site "Chess.com"]
[Date "2023.10.17"]
[Round "11"]
[White "Ariadna_Atreides"]
[Black "Shuvalov"]
[Result "1/2-1/2"]
[WhiteElo "2229"]
[BlackElo "2483"]
[TimeControl "180+1"]
[EndTime "10:10:03 PDT"]
[Termination "Game drawn by agreement"]

1. d4 Nf6 2. Nf3 c5 3. e3 d5 4.
Nbd2 Nc6 5. dxc5 e5 6. Bb5 Qc7 7. b4 a5 8. c3 Be7 9. O-O O-O 10. a3 axb4 11. Bxc6 bxc6 12. cxb4 Ba6 13. Re1 Rfb8 14. Nb3 Bb5 15. Bb2 Nd7 16. Qc2 Ba4 17. Nfd2 Bxc5 18. bxc5 Qb7 19. f4 Bxb3 20. Nxb3 Qxb3 21. Qxb3 Rxb3 22.
Bxe5 Nxe5 23. fxe5 Raxa3 24. Rxa3 Rxa3 25. Rb1 Kf8 26. Rb6 Rxe3 27. Rxc6 Rxe5 28. Rc7 d4 29. c6 Rc5 30.
Kf2 Rc2+ 31. Kf3 f5 32. h4 g6 33. g3 h6 34. Kf4 Ke8 35. Ke5 d3 36. Ke6 Re2+ 37.
Kf6 d2 38. Rd7 g5 39. hxg5 hxg5 40. Kxg5 Re6 41. Kxf5 Rxc6 42. Rxd2 Kf7 43. Rd7+ Kg8 44. g4 Rb6 45. Kg5 Ra6 46. Kh5 Rb6 47. g5 Ra6 48. Rc7 1/2-1/2

[Event "Early-Titled-Tuesday-Blitz-October-17-2023"]
[Site "Chess.com"]
[Date "2023.10.17"]
[Round "11"]
[White "secretsuperstar7"]
[Black "profedechess93"]
[Result "1/2-1/2"]
[WhiteElo "2481"]
[BlackElo "2599"]
[TimeControl "180+1"]
[EndTime "10:10:04 PDT"]
[Termination "Game drawn by repetition"]

1. c4 e5 2. Nc3 Bb4 3. g3 Bxc3 4. dxc3 Nc6 5. Bg2 d6 6. Nf3 f5 7. O-O Nf6 8. b4 O-O 9. a4 e4 10. Nd4 Ne5 11. c5 d5 12. b5 Qe7 13. Ba3 Nc4 14. Bb4 Re8 15. c6 Qe5 16.
a5 f4 17. Nb3 bxc6 18. bxc6 Bg4 19. Nc5 Qh5 20. Re1 f3 21. exf3 exf3 22. Bf1 Ne3 23. Qd3 Nxf1 24. Qxf1 Bh3 25. Qd3 Bg2 26. h4 Qg4 27.
Nd7 Red8 28. Nxf6+ gxf6 29. Re7 Qg6 30. Qxg6+ hxg6 31. Rxc7 d4 32. cxd4 Rxd4 33. Rb7 Rad8 34. g4 Rc4 35. c7 Rc8 36. Bd6 Kf7 37. Rb8 R8xc7 38. Bxc7 Rxc7 39. a6 Rc4 40. Rb7+ Ke6 41. Rxa7 Rxg4 42.
Kh2 Rxh4+ 43. Kg3 g5 44. Rg1 Rh3+ 45. Kg4 Rh4+ 46. Kg3 Rh3+ 47. Kg4 Rh4+ 48. Kg3 1/2-1/2

[Event "Early-Titled-Tuesday-Blitz-October-17-2023"]
[Site "Chess.com"]
[Date "2023.10.17"]
[Round "11"]
[White "ArtemDyachuk"]
[Black "js20000"]
[Result "1/2-1/2"]
[WhiteElo "2669"]
[BlackElo "2876"]
[TimeControl "180+1"]
[EndTime "10:10:06 PDT"]
[Termination "Game drawn - insufficient material"]

1. e4 Nc6 2. Nf3 e6 3. d4 d5 4. e5 f6 5. c3 fxe5 6. dxe5 Bc5 7. Bd3 Nge7 8. O-O O-O 9. Nbd2 Bd7 10. Nb3 Bb6 11.
Nfd4 Nxd4 12. cxd4 Be8 13. Bc2 Bg6 14. Bg5 Bxc2 15.
Qxc2 h6 16. Bxe7 Qxe7 17. f4 Qb4 18. Rad1 a5 19. Kh1 a4 20. Nc1 Bxd4 21. Qxc7 Qxb2 22. Qd7 Qb6 23. Ne2 Be3 24. f5 Rf7 25. Qxe6 Qxe6 26.
fxe6 Rxf1+ 27. Rxf1 b5 28. Rd1 b4 29. Rxd5 b3 30.
axb3 axb3 31. Rd1 b2 32. e7 Kf7 33. Nc3 Ra1 34. Nb1 Bc1 35. Nc3 Kxe7 36. g3 Ke6 37.
Kg2 Kxe5 38. Kf3 Ra3 39. Rd5+ Ke6 40. Rd3 Rxc3 41. Rxc3 b1=Q 42. h4 Qf5+ 43. Kg2 Qe4+ 44. Kh2 Qe2+ 45. Kh3 Qc2 46. Rxc2 Ba3 47. Kg4 Bd6 48.
Re2+ Kf6 49. Kf3 g6 50. Kg4 h5+ 51. Kf3 Kf5 52. Rd2 Be5 53. Rd5 Ke6 54. Rb5 Kf6 55. g4 hxg4+ 56. Kxg4 Bd4 57. Rd5 Be3 58. Rb5 Bd4 59.
Ra5 Be3 60. Ra6+ Kf7 61. Rc6 Bh6 62. Rb6 Kg7 63. Kf3 Bc1 64. Rc6 Bd2 65. Ke4 Kh6 66.
Kf3 Kh5 67. Kg3 Be1+ 68. Kh3 Bxh4 69. Rc5+ g5 70. Rd5 Bf2 71. Rf5 Be3 72. Re5 Bf4 73.
Rd5 Kg6 74. Rxg5+ Kxg5 1/2-1/2

[Event "Early-Titled-Tuesday-Blitz-October-17-2023"]
[Site "Chess.com"]
[Date "2023.10.17"]
[Round "11"]
[White "Zhigalko_Sergei"]
[Black "chessfatbear"]
[Result "1-0"]
[WhiteElo "2949"]
[BlackElo "2811"]
[TimeControl "180+1"]
[EndTime "10:10:07 PDT"]
[Termination "Zhigalko_Sergei won by resignation"]

1. e4 c5 2. Nf3 e6 3. c3 d5 4. e5 d4 5. Bd3 Bd7 6. O-O Bc6 7. Na3 Ne7 8. Re1 Ng6 9. Be4 Be7 10.
d3 dxc3 11. bxc3 O-O 12. Rb1 Qc7 13. h4 Bxe4 14. Rxe4 Nc6 15. h5 Ngxe5 16. Nxe5 Nxe5 17. Nb5 Qb8 18. Bf4 f6 19. d4 a6 20. dxe5 f5 21. Re2 axb5 22. Rxb5 Qc7 23. Reb2 Ra7 24. Qf3 Rb8 25. Rb6 Qd7 26. Rd2 Qc8 27. Qd3 Ra6 28.
Rbb2 c4 29. Qd7 Qxd7 30. Rxd7 Kf8 31. h6 g5 32. Be3 f4 33. Bd4 b5 34. Rd2 b4 35.
cxb4 Rxb4 36. Kh2 Rb8 37. Bc3 Ke8 38. Rc7 Rd8 39. Rb2 Ra3 40. Rbb7 Rxc3 41. Rxe7+ Kf8 42. Rxh7 Kg8 43. Rbg7+ 1-0

[Event "Early-Titled-Tuesday-Blitz-October-17-2023"]
[Site "Chess.com"]
[Date "2023.10.17"]
[Round "11"]
[White "Ranindu2003"]
[Black "Nf3c5"]
[Result "1-0"]
[WhiteElo "2777"]
[BlackElo "2605"]
[TimeControl "180+1"]
[EndTime "10:10:07 PDT"]
[Termination "Ranindu2003 won on time"]

1. e4 c5 2. c3 d5 3. exd5 Qxd5 4. d4 g6 5. Nf3 Bg7 6. Na3 cxd4 7. Nb5 Na6 8. Nbxd4 Nf6 9. Bxa6 bxa6 10. Qa4+ Bd7 11. Qxa6 O-O 12. O-O e5 13. c4 Qc5 14. Nb3 Qc7 15. h3 Rfc8 16. c5 Bc6 17. Qe2 Re8 18. Bg5 Nd5 19. Rfe1 a5 20. Rad1 a4 21. Nc1 a3 22. Nb3 axb2 23. Qxb2 Qa7 24. Nxe5 Qc7 25. f4 h6 26. Rxd5 Bxd5 27. Bh4 g5 28. Bg3 gxf4 29.
Bxf4 f6 30. Qd2 Bxb3 31. Nd3 Rxe1+ 32. Qxe1 Qd7 33. Qg3 Bc2 34. Nb4 Be4 35. Bxh6 Bh7 36. c6 Qf7 37. c7 Rc8 38. Nd5 Kh8 39. Bxg7+ Qxg7 40. Qd6 Rg8 41. g4 Be4 42. Nxf6 Bf3 43. Nxg8 1-0

[Event "Early-Titled-Tuesday-Blitz-October-17-2023"]
[Site "Chess.com"]
[Date "2023.10.17"]
[Round "11"]
[White "Me_ch_an"]
[Black "topin8"]
[Result "0-1"]
[WhiteElo "2375"]
[BlackElo "2501"]
[TimeControl "180+1"]
[EndTime "10:10:10 PDT"]
[Termination "topin8 won by checkmate"]

1. e4 e5 2. Nf3 Nc6 3. Bb5 Nf6 4. Qe2 d6 5. c3 Be7 6. O-O O-O 7. Rd1 a6 8. Ba4 b5 9. Bb3 Be6 10. Bc2 d5 11. d3 d4 12. Nbd2 g6 13. Nf1 Nh5 14.
Ng3 Nf4 15. Bxf4 exf4 16. Nf1 Bg4 17. h3 Bh5 18. g4 fxg3 19. fxg3 Bxf3 20. Qxf3 dxc3 21.
bxc3 b4 22. d4 Na5 23. cxb4 Bxb4 24. Rab1 Rb8 25. Ne3 c6 26. Ng4 Be7 27. Ne5 Rxb1 28. Bxb1 c5 29. d5 Qd6 30. Ng4 f6 31. Kg2 Nc4 32. Bd3 Ne5 33. Nxe5 Qxe5 34. Bxa6 Rb8 35.
Rd2 Bd6 36. Bc4 Rb1 37. h4 Qa1 38. Rf2 Rg1+ 39. Kh3 Rxg3+ 40. Qxg3 Bxg3 41. Kxg3 Qc3+ 42. Kg2 Qxc4 43. Rxf6 Qxe4+ 44. Kg1 Qd4+ 45. Kg2 Qxf6 46. d6 Qxd6 47. a4 c4 48. a5 c3 49. Kf2 c2 50. Ke2 c1=Q 51. a6 Qcd2+ 52. Kf3 Q6f4# 0-1

[Event "Early-Titled-Tuesday-Blitz-October-17-2023"]
[Site "Chess.com"]
[Date "2023.10.17"]
[Round "11"]
[White "OLDTERMINATOR"]
[Black "kingapolak"]
[Result "0-1"]
[WhiteElo "1648"]
[BlackElo "2140"]
[TimeControl "180+1"]
[EndTime "10:10:10 PDT"]
[Termination "kingapolak won on time"]

1. e4 c5 2. Nf3 Nc6 3. d4 cxd4 4. Nxd4 g6 5. Nc3 Bg7 6. Be3 Nf6 7. Nb3 d6 8. f4 Ng4 9. Bd2 Qb6 10. Qf3 h5 11.
Nd5 Qd8 12. O-O-O a5 13. Bc3 O-O 14. Bxg7 Kxg7 15. h3 a4 16. Nd4 Nf6 17. Nxf6 exf6 18. a3 Re8 19. Bc4 Qb6 20. Ne2 Na5 21. Ba2 Be6 22.
Bxe6 Rxe6 23. f5 Re5 24. fxg6 fxg6 25. Rhf1 Rf8 26. g4 h4 27. g5 Rxg5 28. Nd4 Re5 29. Qc3 Qc5 30. Qxc5 dxc5 31. Nb5 Rxe4 32. Rd7+ Kh6 33.
Rc7 Rfe8 34. Nd6 Re1+ 35. Rxe1 Rxe1+ 36. Kd2 Re6 37. Nf7+ Kh5 38. Rxc5+ f5 39. Rxa5 Re7 40. Nd6 Rd7 0-1

[Event "Early-Titled-Tuesday-Blitz-October-17-2023"]
[Site "Chess.com"]
[Date "2023.10.17"]
[Round "11"]
[White "lamomiajunior"]
[Black "Karttunen"]
[Result "1-0"]
[WhiteElo "2729"]
[BlackElo "2583"]
[TimeControl "180+1"]
[EndTime "10:10:14 PDT"]
[Termination "lamomiajunior won on time"]

1. d4 d5 2. c4 e6 3. Nc3 Nf6 4. cxd5 exd5 5. Bg5 Bb4 6. Qa4+ Nc6 7. Nf3 h6 8. Bxf6 Qxf6 9. e3 O-O 10. Rc1 Bg4 11. Be2 a6 12. O-O Rfd8 13. a3 Bf8 14. b4 Ne7 15. Qb3 c6 16. a4 Ng6 17. b5 axb5 18. axb5 Bxf3 19. Bxf3 Nh4 20. Be2 Ra3 21. Qb1 Rda8 22.
bxc6 bxc6 23. Rfd1 Qg5 24. g3 Nf5 25. Bd3 Nd6 26. Ne2 Rc8 27. Rc2 h5 28. h4 Qe7 29.
Ra2 Rxa2 30. Qxa2 Ne4 31. Qc2 Nf6 32. Nf4 c5 33. dxc5 Rxc5 34. Qe2 Qc7 35. Nxh5 Nxh5 36. Qxh5 g6 37. Qg4 Bg7 38. h5 gxh5 39. Qxh5 Kf8 40.
Kg2 d4 41. Qf3 dxe3 42. Qxe3 Re5 43. Qf3 Re8 44. Rb1 Qd6 45. Rb7 Qf6 46. Qd5 Rd8 47.
Rxf7+ Qxf7 48. Qxd8+ Qe8 49. Qd6+ Qe7 50. Qb8+ Qe8 51.
Qf4+ Qf7 52. Qg4 Qb7+ 53. Be4 Qb2 54. Qf5+ Ke7 55. Bd5 Bd4 56. g4 Kd6 57. Be4 Be5 58. g5 Qd2 59. g6 Qh6 60. Qf7 Qg7 61. f4 Bf6 62. Qd5+ Kc7 63. Bf5 Qe7 64. Kf3 Qg7 65. Qc5+ Kb7 66. Be4+ Kb8 67. Qb6+ Kc8 68. Bf5+ 1-0

[Event "Early-Titled-Tuesday-Blitz-October-17-2023"]
[Site "Chess.com"]
[Date "2023.10.17"]
[Round "11"]
[White "ChainedDowntohell"]
[Black "GeorgiosSouleidis"]
[Result "1-0"]
[WhiteElo "2498"]
[BlackElo "2612"]
[TimeControl "180+1"]
[EndTime "10:10:14 PDT"]
[Termination "ChainedDowntohell won by checkmate"]

1. d4 Nf6 2. c4 g6 3. Nc3 Bg7 4. e4 d6 5. Bd3 O-O 6. Nge2 c5 7.
d5 b5 8. cxb5 a6 9. O-O Qa5 10. a4 axb5 11. Bxb5 Ba6 12. Ra3 Nbd7 13. Qc2 Ne5 14. Bg5 Nc4 15. Ra2 Rfb8 16. b3 Ne5 17. Rd1 Qb4 18. f3 c4 19. bxc4 Nxc4 20. Bxa6 Rxa6 21. Kh1 Rc8 22. Rb1 Qc5 23. Nb5 h6 24. Bh4 g5 25. Be1 Nd7 26. Ng3 Raa8 27. Bf2 Ne3 28. Qxc5 Nxc5 29. Bxe3 Nxa4 30. Nf5 Bf6 31. h4 gxh4 32. Kh2 h5 33. Kh3 Ra5 34. Nbd4 Rca8 35.
Nc6 R5a6 36. Rb7 Nc5 37. Rxa6 Rxa6 38. Bxc5 dxc5 39. Ncxe7+ Kh7 40. d6 Ra1 41. d7 Rd1 42.
Nd5 Bg5 43. g3 hxg3 44. Kxg3 Rg1+ 45. Kf2 Ra1 46. Rb8 c4 47. d8=Q Bxd8 48. Rxd8 Ra2+ 49. Ke3 Ra3+ 50. Kf4 c3 51. Kg5 c2 52. Nf6# 1-0

[Event "Early-Titled-Tuesday-Blitz-October-17-2023"]
[Site "Chess.com"]
[Date "2023.10.17"]
[Round "11"]
[White "ural58"]
[Black "zsoltkorpics"]
[Result "0-1"]
[WhiteElo "2508"]
[BlackElo "2365"]
[TimeControl "180+1"]
[EndTime "10:10:15 PDT"]
[Termination "zsoltkorpics won by resignation"]

1. e4 c5 2. Nf3 e6 3. b3 b6 4. d4 cxd4 5. Qxd4 Nc6 6. Qd2 Bb4 7. Nc3 Nf6 8. Bd3 d5 9. a3 dxe4 10. axb4 exd3 11. b5 Nb4 12. O-O Nxc2 13. Ra4 Bb7 14.
Ne5 Nd4 15. Ba3 Nxb3 16. Qg5 Nd5 17. Qxg7 Qf6 18. Qxf6 Nxf6 19. Nxd3 Rg8 20. f3 Nd2 21. Rd1 Nxf3+ 22. Kf2 Nxh2 23. Nf4 Nhg4+ 24. Ke2 e5 25. Nfd5 Nxd5 26. Nxd5 Bxd5 27. Rxd5 f6 28. Rd6 Kf7 29.
Rd7+ Ke6 30. Rxh7 Rg6 31. Rc4 Nh6 32. Rc6+ Kf5 33. Kf1 Ng4 34. Bc1 Rd8 35. Rxa7 Rd1+ 36.
Ke2 Rg1 37. Kd3 Nf2+ 38. Kc2 R6xg2 39. Kb3 Nd3 40. Ba3 Rb1+ 41. Ka4 Ra2 42. Rc3 Nc5+ 43.
Rxc5 bxc5 44. Rc7 Rba1 45. b6 Rxa3+ 46. Kb5 Rb3+ 47. Kc6 Rab1 48. b7 Rxb7 0-1

[Event "Early-Titled-Tuesday-Blitz-October-17-2023"]
[Site "Chess.com"]
[Date "2023.10.17"]
[Round "11"]
[White "Aash20"]
[Black "McCarthyStone"]
[Result "0-1"]
[WhiteElo "2522"]
[BlackElo "2414"]
[TimeControl "180+1"]
[EndTime "10:10:16 PDT"]
[Termination "McCarthyStone won by resignation"]

1. e4 e5 2. Nf3 d6 3. d4 exd4 4. Qxd4 Bd7 5. Bg5 Nc6 6. Qc3 f6 7. Bd2 Qe7 8. Bd3 O-O-O 9. O-O g5 10. Nxg5 fxg5 11. Qxh8 Nf6 12. e5 Nxe5 13. Bxg5 Bg7 14. Bxf6 Qxf6 15. Qxh7 Rh8 16. Qe4 Rh4 17. Qe3 Rxh2 18.
Kxh2 Ng4+ 19. Kg1 Nxe3 20. fxe3 Qxb2 21. Nd2 Qb4 22. Rad1 Bg4 23. Nf3 Qc5 24. Kf2 Bh6 25. Rde1 a6 26. Rh1 Bg7 27. Rh7 Qc3 28. Rh4 Be6 29. a4 Kb8 30. Rb1 Bd5 31. Rhb4 a5 32. Rb5 Bc6 33. R5b3 Qf6 34. Bb5 Bxf3 35. gxf3 Qh4+ 36.
Ke2 Qh2+ 37. Kd3 Qh7+ 38. e4 Qh3 39. Kd2 Qg2+ 40. Kc1 Qg1+ 41. Kd2 Qf2+ 42. Kd1 Qd4+ 43. Bd3 b6 44. Ke2 Bh6 45. Bb5 Qd2+ 46. Kf1 Qxc2 47.
Bd3 Qd2 48. R1b2 Qc1+ 49. Kg2 Qf4 50. Bb5 Bg7 51. Rc2 Be5 52. Bc6 Qg3+ 53. Kf1 Qh3+ 54. Ke2 Qh2+ 55. Kd3 Qh1 56. Kc4 Qf1+ 57. Kd5 Qd1+ 58.
Ke6 Qxc2 59. Bd5 Qc5 60. Kf5 Bc3 61. f4 Qd4 62. Rb5 Bb4 63. Ke6 Bc5 64. Kd7 Qg7+ 65. Kc6 Qf8 66. Rxc5 dxc5 67. Kb5 Qxf4 68. Kc6 Qe5 69.
Kb5 Kc8 70. Kc6 Kd8 71. Kb5 c4 72. Kxc4 Qd6 73. Kd4 Qb4+ 74. Ke5 Ke7 75. Bc6 Qc5+ 76. Bd5 c6 77. Kf5 cxd5 78. e5 d4 0-1

[Event "Early-Titled-Tuesday-Blitz-October-17-2023"]
[Site "Chess.com"]
[Date "2023.10.17"]
[Round "11"]
[White "szefru"]
[Black "pankajfm"]
[Result "0-1"]
[WhiteElo "2330"]
[BlackElo "2168"]
[TimeControl "180+1"]
[EndTime "10:10:17 PDT"]
[Termination "pankajfm won by checkmate"]

1. e4 c5 2. Nf3 d6 3. d4 cxd4 4.
Qxd4 Nc6 5. Bb5 Bd7 6. Qd3 Nf6 7.
c4 a6 8. Bxc6 Bxc6 9. Nc3 e6 10.
O-O Be7 11. h3 O-O 12. Be3 Rc8 13. Rfd1 Qa5 14. Rab1 b5 15. cxb5 axb5 16. Nd4 b4 17. Nxc6 Rxc6 18. Ne2 Qxa2 19. Nd4 Rcc8 20. f3 Qc4 21.
Qd2 d5 22. e5 Nd7 23. f4 Nc5 24. Rbc1 Qa6 25. Qxb4 Nd3 26. Qxe7 Nxc1 27. Rxc1 Rxc1+ 28. Bxc1 Rc8 29. Be3 Qd3 30. Kf2 h5 31. b4 Ra8 32. f5 Ra2+ 33. Kf3 Qe4+ 34. Kg3 Qxe3+ 35. Nf3 exf5 36. Qe8+ Kh7 37. Qxf7 f4+ 38. Kh4 Qf2+ 39.
Kxh5 Qe2 40. Qf5+ Kg8 41. Qe6+ Kh7 42. Qf5+ Kg8 43. Qxf4 Ra6 44. Kh4 Qxg2 45. Ng5 Rh6# 0-1

[Event "Early-Titled-Tuesday-Blitz-October-17-2023"]
[Site "Chess.com"]
[Date "2023.10.17"]
[Round "11"]
[White "K_A_S_T_O_R"]
[Black "Krakozia"]
[Result "0-1"]
[WhiteElo "2873"]
[BlackElo "3021"]
[TimeControl "180+1"]
[EndTime "10:10:19 PDT"]
[Termination "Krakozia won by resignation"]

1. e4 c5 2. Nf3 e6 3. d4 cxd4 4. Nxd4 Nf6 5. Nc3 Nc6 6. Ndb5 d6 7.
Bf4 e5 8. Bg5 a6 9. Na3 b5 10. Nd5 Be7 11. Bxf6 Bxf6 12. c3 Rb8 13. Nc2 Bg5 14. Be2 O-O 15. O-O Be6 16. Qd3 Kh8 17. Rfd1 a5 18. a3 g6 19. b4 f5 20. Bf3 Qd7 21.
Nde3 Be7 22. Rab1 axb4 23. axb4 Rfc8 24. Ra1 Nd8 25. Ra5 Nf7 26. exf5 gxf5 27. Bd5 f4 28.
Bxe6 Qxe6 29. Nd5 Rg8 30. Re1 Ng5 31. h4 Nh3+ 32. Kf1 Nxf2 33. Kxf2 Bxh4+ 34. Kf1 Qg4 35. Qf3 Qg6 36. Re2 Bg3 37. Qe4 Qh6 38. Rd2 f3 39. Qe3 Qh1+ 40. Qg1 fxg2+ 41. Rxg2 Rbf8+ 42. Ke2 Qh5+ 43.
Kd2 Qf3 44. Nce3 Bf4 45. Nxf4 exf4 46. Ng4 Qd5+ 47. Kc1 f3 48. Rg3 Qe4 49. Nf2 Qf4+ 50. Kc2 Qxg3 51. Qe1 Qe5 52. Qd2 Qe2 53. Rxb5 Rg2 0-1

[Event "Early-Titled-Tuesday-Blitz-October-17-2023"]
[Site "Chess.com"]
[Date "2023.10.17"]
[Round "11"]
[White "lefonghua"]
[Black "UK_23"]
[Result "1-0"]
[WhiteElo "2627"]
[BlackElo "2406"]
[TimeControl "180+1"]
[EndTime "10:10:20 PDT"]
[Termination "lefonghua won by resignation"]

1. d4 d5 2. c4 e6 3. Nc3 Nf6 4. cxd5 exd5 5. Bg5 Be7 6. e3 O-O 7. Bd3 Re8 8. Qc2 h6 9. Bh4 c5 10. Nf3 Nc6 11. a3 c4 12. Bf5 Bxf5 13. Qxf5 Rc8 14.
O-O g6 15. Qc2 Kg7 16. Rad1 a6 17. Ne5 b5 18. f4 b4 19. axb4 Nxb4 20. Qa4 a5 21. Ra1 Ra8 22. Nc6 Qd6 23. Ne5 Reb8 24. Rf2 Nd3 25. Nxd3 cxd3 26. Rd2 Ne4 27. Bxe7 Qxe7 28.
Rxd3 Rxb2 29. Qa3 Qxa3 30. Rxa3 Rc8 31. h3 Nxc3 32. Rdxc3 Rxc3 33. Rxc3 Ra2 34. Rc5 a4 35. Rxd5 a3 36. Ra5 Kf6 37. Kh2 Ke6 38. Kg3 h5 39. h4 Ra1 40. e4 a2 41. d5+ Kd6 42. e5+ Kd7 43. Ra7+ Kd8 44. Kf2 Ke8 45. Kg3 Kd8 46. Kh2 Ke8 47. g4 hxg4 48. d6 Rf1 49. Rxa2 Rxf4 50.
Ra8+ Kd7 51. Ra7+ Kd8 52. Kg3 Re4 53. Re7 Kc8 54. Kg2 Kd8 55. Kf2 Kc8 56. Kg3 Kd8 57.
Rxf7 Rxe5 58. Rf6 Kd7 59. Kxg4 Re6 60. Rxe6 Kxe6 61. Kg5 Kxd6 62. Kxg6 Ke7 63. Kg7 1-0

[Event "Early-Titled-Tuesday-Blitz-October-17-2023"]
[Site "Chess.com"]
[Date "2023.10.17"]
[Round "11"]
[White "AnaKuchava"]
[Black "NM_Antelacus"]
[Result "1-0"]
[WhiteElo "2247"]
[BlackElo "2093"]
[TimeControl "180+1"]
[EndTime "10:10:20 PDT"]
[Termination "AnaKuchava won on time"]

1. d4 Nf6 2. Nf3 e6 3. c4 b6 4. a3 Bb7 5. Nc3 Be7 6. d5 exd5 7. cxd5 O-O 8. e4 Re8 9. Bd3 d6 10. O-O Nbd7 11. Bf4 Nh5 12. Be3 g6 13. Rc1 a6 14.
Nd4 Ne5 15. Be2 Ng7 16. f4 Nd7 17. Nc6 Bxc6 18. dxc6 Nc5 19. b4 Nce6 20. Nd5 f5 21. Bd3 a5 22. exf5 gxf5 23. Qc2 Rf8 24. Rfe1 axb4 25.
axb4 Ra3 26. Ra1 Rxa1 27. Rxa1 Qe8 28. Ra7 Bd8 29. Qd2 Qh5 30. g3 Qg4 31. Kg2 h5 32. h3 Qg6 33. Kf3 Rf7 34. Ra8 Kh7 35. Qc2 Bf6 36. b5 Be7 37. Nxe7 Rxe7 38. Rf8 Rf7 39.
Rxf7 Qxf7 40. Bc4 Qf6 41. Qb3 Kh6 42. Bxe6 Qxe6 43. Qxe6+ Nxe6 44. g4 hxg4+ 45. hxg4 fxg4+ 46. Kxg4 Kg7 47. Kf5 Kf7 48. Ke4 Ng7 49. Bxb6 1-0

[Event "Early-Titled-Tuesday-Blitz-October-17-2023"]
[Site "Chess.com"]
[Date "2023.10.17"]
[Round "11"]
[White "bazar-wokzal"]
[Black "Zurability"]
[Result "0-1"]
[WhiteElo "2588"]
[BlackElo "2737"]
[TimeControl "180+1"]
[EndTime "10:10:21 PDT"]
[Termination "Zurability won on time"]

1. e4 c5 2. c3 d5 3. exd5 Qxd5 4.
d4 Nc6 5. Nf3 Bg4 6. Be2 O-O-O 7.
dxc5 Qxd1+ 8. Bxd1 e5 9. Be3 f5 10. b4 f4 11. Bd2 e4 12. h3 Bh5 13. Ng5 Bxd1 14. Kxd1 e3 15. Nf7 exd2 16. Nxh8 Nh6 17.
Nxd2 Be7 18. Kc2 Rxh8 19. Nc4 Nf5 20. Rhe1 Bf6 21. Re4 Nxb4+ 22. cxb4 Bxa1 23. Rxf4 g6 24. g4 Ne7 25. Nd6+ Kd7 26. Nxb7 Rb8 27. Nd6 Be5 28. Rf7 Bxd6 29. cxd6 Kxd6 30. a3 h5 31. f4 Rb5 32.
Kb3 Ke6 33. Rh7 hxg4 34. hxg4 Rd5 35. Kc4 Rd7 36. Kb5 Kf6 37. Ka6 Rd4 38. f5 g5 39.
Rh6+ Kf7 40. Rh7+ Kf6 41. Rh6+ Kg7 42. Re6 Kf7 43. Kxa7 Rxg4 44. b5 Nxf5 45. Re5 Kf6 46.
Rc5 Ra4+ 47. Kb8 g4 48. b6 g3 49. b7 g2 50. Kc8 g1=Q 51. Rc6+ Kf7 52. b8=Q Ne7+ 0-1

[Event "Early-Titled-Tuesday-Blitz-October-17-2023"]
[Site "Chess.com"]
[Date "2023.10.17"]
[Round "11"]
[White "MMAHDI2013"]
[Black "sterpfi"]
[Result "1-0"]
[WhiteElo "2445"]
[BlackElo "2173"]
[TimeControl "180+1"]
[EndTime "10:10:21 PDT"]
[Termination "MMAHDI2013 won by checkmate"]

1. c4 e6 2. Nf3 d5 3. g3 Nf6 4. Bg2 dxc4 5. O-O c5 6. Qa4+ Bd7 7.
Qxc4 b5 8. Qc2 Na6 9. Rd1 Rc8 10. Ne5 Bd6 11. Nxd7 Qxd7 12. b3 Nb4 13. Qb2 O-O 14. Nc3 Be5 15. f4 Bxc3 16. Qxc3 Qd4+ 17. Qxd4 cxd4 18.
Ba3 Nc2 19. Bxf8 Nxa1 20. Bd6 Nc2 21. Rc1 h5 22. Be5 d3 23. exd3 Nd5 24. Bxd5 exd5 25. Bb2 Rc6 26. Kf2 Nb4 27. Rxc6 Nxc6 28. a3 g6 29. Kf3 Kf8 30. g4 hxg4+ 31. Kxg4 Ke7 32. f5 Kd6 33. fxg6 fxg6 34. Kg5 d4 35. Kxg6 Ke5 36. h4 Ne7+ 37. Kg5 Nf5 38. h5 a5 39. h6 Nxh6 40. Kxh6 a4 41. bxa4 bxa4 42. Kg5 Kd5 43. Kf4 Kc5 44. Ke4 Kb5 45. Kxd4 Kc6 46. Kc3 Kd5 47. d4 Ke4 48. Kc4 Kf3 49. d5 Ke2 50. d6 Kd1 51. d7 Kc2 52. Bg7 Kb1 53. d8=Q Ka2 54. Qb6 Kxa3 55. Qb2# 1-0